 Dungeon Crawl Stone Soup version 0.31-a0-632-g766dd24fdf (webtiles) character file.

Game seed: 6734120105648229276

184 IdlyInterested the Chopper (level 5, -8/38 HPs)
             Began as a Demonspawn Gladiator on Aug 25, 2023.
             Mangled by an ogre
             ... wielding a +0 giant spiked club
              (25 damage)
             ... on level 3 of the Dungeon.
             The game lasted 00:05:52 (1812 turns).

IdlyInterested the Chopper (Demonspawn Gladiator)   Turns: 1812, Time: 00:05:53

Health: -8/38      AC: 11    Str: 16    XL:     5   Next: 36%
Magic:  0/5        EV:  9    Int:  9    God:
Gold:   99         SH:  7    Dex: 15    Spells: 4/4 levels left

rFire   . . .        l - +0 hand axe
rCold   . . .        h - +0 kite shield
rNeg    . . .        n - +4 ring mail
rPois   .            c - +0 helmet
rElec   .            (no cloak)
rCorr   .            (no gloves)
SInv    .            (no boots)
Will    .....        (no amulet)
Stlth   +            (no ring)
HPRegen 0.26/turn    (no ring)
MPRegen 0.18/turn

%: guardian spirit
@: no status effects
A: magic shield, magic regeneration, sharp scales 1
a: no special abilities


You were on level 3 of the Dungeon.
You visited 1 branch of the dungeon, and saw 3 of its levels.

You collected 99 gold pieces.

Inventory:

Hand Weapons
 a - a +0 war axe
 f - a +0 spear
 l - a +0 hand axe (weapon)
 r - a +0 trident
Missiles
 d - 3 throwing nets
 e - a javelin
 i - 16 stones (quivered)
 s - 2 boomerangs
Armour
 c - a +0 helmet (worn)
 h - a +0 kite shield (worn)
 n - a +4 ring mail (worn)
 p - the +2 robe of an ice cave {rN+ Archmagi}
   (You found it on level 2 of the Dungeon)

   rN+:       It protects you from negative energy.
   Archmagi:  It increases the power of your magical spells.
 t - a +3 scale mail
Jewellery
 m - a ring of wizardry
Scrolls
 b - a scroll of brand weapon {unknown}
 g - a scroll of amnesia
 q - a scroll of identify {unknown}
Potions
 j - a potion of enlightenment {unknown}
 k - a potion of attraction {unknown}
 o - a potion of curing


   Skills:
 - Level 2.0 Fighting
 * Level 4.9 Axes
 - Level 1.7 Throwing
 + Level 1.4 Armour
 - Level 2.6 Dodging
 - Level 1.0 Stealth
 - Level 1.0 Invocations
 - Level 1.0 Evocations


You had 4 spell levels left.
You didn't know any spells.
Your spell library contained the following spells:

 Spells                   Type           Power      Damage    Failure   Level
 Lesser Beckoning         Tloc           0%         N/A       98%         2
 Gell's Gravitas          Tloc           0%         N/A       100%        3
 Teleport Other           Tloc           0%         N/A       100%        3


Dungeon Overview and Level Annotations

Branches:
Dungeon (3/15)

Altars:
Okawaru


Innate Abilities, Weirdness & Mutations

When hurt, damage is shared between your health and your magic reserves.
You regenerate magic rapidly.
You are partially covered in razor-sharp scales. (AC +1, Slay +1)


Message History

You continue putting on your +3 scale mail. x5
You finish putting on your +3 scale mail.
You start removing your armour.
You continue taking off your +3 scale mail. x4
You finish taking off your +3 scale mail.
You start putting on your armour.
You continue putting on your +4 ring mail. x5
You finish putting on your +4 ring mail.
You see here a +0 club.
Things that are here:
a +0 whip; an orc corpse The orc shouts!
You hear a shout! x2
The orc throws a boomerang.
The boomerang completely misses you.
The orc throws a boomerang.
The boomerang hits you but does no damage.
A gnoll comes into view. It is wielding a +0 club.
The orc hits you with a +0 short sword.
You hit the orc.
The orc is moderately wounded.
The orc closely misses you.
You hit the orc but do no damage.
The orc is moderately wounded.
The orc hits you but does no damage.
You hit the orc.
The orc is heavily wounded.
The orc hits you but does no damage. You block the orc's attack.
The ogre hits you with a +0 giant spiked club!
You barely miss the orc.
The orc is heavily wounded.
You hit the ogre. You block the orc's attack.
Things that are here:
a +0 whip; an orc corpse You see here a +0 club.
The ogre attacks as it pursues you!
The ogre hits you with a +0 giant spiked club!!
* * * LOW HITPOINT WARNING * * *
It was a potion of curing.
You feel better.
The ogre hits you with a +0 giant spiked club!!
Ouch! That really hurt!
You die...

~~~~....~~~≈~~~~~≈~~~~≈~~~
...................)......
###................########
...................#
#..................#
...................#
..#......####.######
.........####.##
.......o##@....#
..#......#O##..#
###....))##..#
#.....o...#†#######
....#.###.#.))......#
#..##........)......# .?#
#..###..........# .# #.
##.........# # #.........#


You could see an ogre and an orc.

Vanquished Creatures
  A howler monkey (D:3)
  A hound (D:3)
  3 gnolls (D:3)
  2 adders (D:2)
  2 dart slugs
  5 orcs (D:3)
  2 bats (D:1)
  2 endoplasms
  2 giant cockroaches (D:1)
  5 hobgoblins
  10 jackals
  A quokka (D:2)
  5 ball pythons
  7 frilled lizards
  5 goblins
  A kobold (D:2)
  4 rats (D:1)
58 creatures vanquished.

Notes
Turn   | Place    | Note
-------+----------+-------------------------------------------
     0 | D:1      | IdlyInterested the Demonspawn Gladiator began the quest for
                  | the Orb.
     0 | D:1      | Reached XP level 1. HP: 16/16 MP: 1/1
   101 | D:1      | Reached skill level 3 in Axes
   151 | D:1      | You fall into a shaft and drop 1 floor!
   215 | D:1      | Gained mutation: You regenerate magic rapidly. [demonic
                  | ancestry]
   215 | D:1      | Reached XP level 2. HP: 22/22 MP: 2/2
   312 | D:1      | Reached skill level 1 in Armour
   838 | D:2      | Reached XP level 3. HP: 23/27 MP: 3/3
   967 | D:2      | Found an iron altar of Okawaru.
  1101 | D:2      | Found a faded altar of an unknown god.
  1220 | D:2      | Reached skill level 1 in Stealth
  1287 | D:2      | Identified the +2 robe of an ice cave {rN+ Archmagi}
  1647 | D:3      | Reached skill level 4 in Axes
  1647 | D:3      | Reached skill level 1 in Evocations
  1647 | D:3      | Gained mutation: You are partially covered in razor-sharp
                  | scales. (AC +1, Slay +1) [demonic ancestry]
  1647 | D:3      | Reached XP level 4. HP: 27/33 MP: 4/4
  1651 | D:3      | Reached skill level 1 in Invocations
  1668 | D:3      | Gained mutation: When hurt, damage is shared between your
                  | health and your magic reserves. [demonic ancestry]
  1668 | D:3      | Reached XP level 5. HP: 36/38 MP: 5/5
  1764 | D:3      | Noticed an ogre
  1812 | D:3      | Mangled by an ogre

Illustrated notes

Levels and vault maps discovered:
D:1:      lemuel_arrival_behind_the_door_small, layout_basic
D:2:      layout_basic, shapermc_ecumenical_altar_totnotflames, basic_altar,
          minmay_3d_cube
D:3:      lemuel_castle_with_subvaults [lemuel_castle_interior_original],
          layout_rooms, grunt_ministairs_2, chequers_serial_rivers_micro_c,
          chequers_serial_rivers_large_a, minmay_hedge_maze

Skill      XL: |  1  2  3  4 |
---------------+-------------+-----
Axes           | 3 4 |  4.9
Armour         | 1 |  1.4
Stealth        | 1 |  1.0
Evocations     | 1 |  1.0
Invocations    | 1 |  1.0
Fighting       | |  2.0
Throwing       | |  1.7
Dodging        | |  2.6

Action                     |  1- 3 |  4- 6 || total
---------------------------+-------+-------++-------
  Melee: War axe           |    64 |       ||    64
         Hand axe          |    74 |    47 ||   121
  Throw: Stone             |     1 |     3 ||     4
    Use: Scroll            |     2 |       ||     2
         Potion            |       |     1 ||     1
   Stab: Sleeping          |     1 |       ||     1
 Armour: Leather armour    |    28 |       ||    28
         Ring mail         |    25 |    26 ||    51
  Dodge: Dodged            |    81 |    24 ||   105
  Block: Kite shield       |    28 |    27 ||    55

Table legend: (Time is in decaauts)
 A = Elapsed time spent in this place.
 B = Non-inter-level travel time spent in this place.
 C = Inter-level travel time spent in this place.
 D = Time resting spent in this place.
 E = Time spent auto-exploring this place.
 F = Levels seen in this place.
 G = Mean time per level.
                   A        B        C        D        E       F      G
               +--------+--------+--------+--------+--------+-----+--------+
         Total |   1869 |   1610 |    259 |     19 |    932 |   3 |  623.0 |
       Dungeon |   1869 |   1610 |    259 |     19 |    932 |   3 |  623.0 |
               +--------+--------+--------+--------+--------+-----+--------+

Top non-repeatable levels by time:
     D:1: 844 daAuts
     D:2: 805 daAuts
     D:3: 218 daAuts
